 Dungeon Crawl Stone Soup version 0.17-a0-777-g32247ce (webtiles) character file.

51 Lokkij the Grasshopper (level 3, -2/27 HPs)
             Began as a Demonspawn Warper on Apr 25, 2015.
             Was an Initiate of Okawaru.
             Slain by Terence
             ... wielding a +0 flail
              (6 damage)
             ... on level 2 of the Dungeon.
             The game lasted 00:04:53 (2266 turns).

Lokkij the Grasshopper (Demonspawn Warper)          Turns: 2266, Time: 00:04:54

Health: -2/27      AC:  3    Str: 11    XL:     3   Next: 57%
Magic:  5/6        EV: 11    Int: 15    God:    Okawaru [......]
Gold:   57         SH:  0    Dex: 12    Spells: 3 memorised, 1 level left

rFire  . . .     SeeInvis .     a - +0 spear
rCold  . . .     Clarity  .     b - +0 leather armour
rNeg   . . .     SustAb   .     (no shield)
rPois  .         Gourm    .     (no helmet)
rElec  .         Spirit   .     (no cloak)
rCorr  .         Warding  .     (no gloves)
rMut   .         Stasis   .     (no boots)
MR     .....                    (no amulet)
Stlth  +.........               (no ring)
                                (no ring)

@: not resistant to hostile enchantments, very unstealthy
A: hooves 1
a: Renounce Religion


You were on level 2 of the Dungeon.
You worshipped Okawaru.
Okawaru was noncommittal.
You were not hungry.

You visited 1 branch of the dungeon, and saw 2 of its levels.

You collected 57 gold pieces.

Inventory:

Hand weapons
 a - a +0 spear (weapon)
Armour
 b - a +0 leather armour (worn)
Scrolls
 e - 2 scrolls of immolation {unknown}
 h - 3 scrolls of identify
 j - 2 scrolls of remove curse {unknown}
 l - 2 scrolls of teleportation
 m - a scroll of enchant armour {unknown}
 n - a scroll of amnesia {unknown}
 p - a scroll of fog {unknown}
Books
 c - a book of Spatial Translocations

   Spells                             Type                      Level
   a - Apportation                    Translocation                1
   b - Blink                          Translocation                2
   c - Shroud of Golubria             Charms/Translocation         2
   d - Portal Projectile              Translocation                3
   e - Teleport Other                 Translocation                3
   f - Passage of Golubria            Translocation                4
Comestibles
 f - a bread ration


   Skills:
 - Level 2.0 Fighting
 * Level 2.8 Polearms
 - Level 0.8 Throwing
 - Level 0.8 Armour
 - Level 1.7 Dodging
 - Level 2.0 Spellcasting
 + Level 3.5 Translocations


You had one spell level left.
You knew the following spells:

 Your Spells              Type           Power        Failure   Level  Hunger
a - Apportation           Tloc           ##........   10%         1    #......
b - Shroud of Golubria    Chrm/Tloc      #.........   24%         2    ###....
c - Blink                 Tloc           N/A          12%         2    ###....


Dungeon Overview and Level Annotations

Branches:
Dungeon (2/15)

Altars:
Makhleb
Okawaru
Xom

Annotations:
D:2 Terence


Innate Abilities, Weirdness & Mutations

You have large cloven feet.


Message History

You closely miss Terence. Your kick misses Terence.
Terence is heavily wounded.
Terence hits you with a flail!
You hit Terence. You kick Terence, but do no damage.
Terence is heavily wounded.
Your shroud begins to fray at the edges.
Terence hits you with a flail.
* * * LOW HITPOINT WARNING * * *
Your shroud falls apart!
You hit Terence.
Terence is severely wounded.
Terence asks, "Do you want it fast or slow?"
Terence misses you.
You hit Terence but do no damage.
Terence is severely wounded.
You hit Terence. Your kick misses Terence.
Terence is almost dead.
Terence screams, "I want your blood!" Terence hits you with a flail.
You die...

..(.##...# #.### #..#.....##
..#.##...# #.# #..##.†#...
....##...# #.# ##..###.####
#...##...# #.### ###...........
##.......# #...####.......#.....
##..#...######........[##..<....
#..#........###..#...)#........
#..#...####..##.##......#......
##...†.# ##..@.......####.#...
#...#########@##.....# #.#...
##..# #..............# ##....#
##..#..#####........# #..#..#
#.. #........# #..#.(÷ ..
#........# #.>...# . ##########
#.....# ##################
#.................


You could see Terence.

Vanquished Creatures
  A worm (D:2)
  2 giant geckos
  2 giant cockroaches (D:1)
  9 goblins (D:1)
  5 hobgoblins
  8 jackals
  3 kobolds (D:1)
  A ball python (D:2)
  4 bats
  A giant newt (D:2)
  3 rats
39 creatures vanquished.

Notes
Turn   | Place    | Note
--------------------------------------------------------------
     0 | D:1      | Lokkij, the Demonspawn Warper, began the quest for the Orb.
     0 | D:1      | Reached XP level 1. HP: 16/16 MP: 3/3
   101 | D:1      | Gained mutation: You have large cloven feet. [demonic ancestry]
   101 | D:1      | Reached XP level 2. HP: 22/22 MP: 5/5
   332 | D:1      | Reached skill level 3 in Translocations
   961 | D:1      | Reached XP level 3. HP: 27/27 MP: 6/6
  1082 | D:2      | Learned a level 2 spell: Shroud of Golubria
  1085 | D:2      | Learned a level 2 spell: Blink
  1242 | D:2      | Noticed Terence
  1714 | D:2      | Found an iron altar of Okawaru.
  1723 | D:2      | Became a worshipper of Warmaster Okawaru
  2226 | D:2      | Found a shimmering altar of Xom.
  2226 | D:2      | Found a burning altar of Makhleb.
  2266 | D:2      | Slain by Terence

Action                   || total
-------------------------++-------
Melee: Spear             ||   205
Throw: Tomahawk          ||     5
 Cast: Shroud of Golubri ||     1
  Use: Potion            ||     3
       Scroll            ||     5
  Eat: Meat ration       ||     1
       Chunk             ||     1
